Map: Backwater LE

Players

Phazey - Winner!

  • Race: Zerg Zerg
  • League: Silver
  • Spawn Location: 11:00

Infamous

  • Race: Protoss Protoss
  • League: Silver
  • Spawn Location: 5:00

VOD

Have the link to the VOD?

Description

Time

  • Played on: March 12, 2018, 1:05 p.m.
  • Length: 20:26
Show
View Real Time Build Order
Export as new Build Order

Phazey Zerg - Winner!

Build Orders: Hatch First 

Get SALT Encoding   

  12  0:02  Drone  
  13  0:13  Overlord  
  13  0:19  Drone  
  14  0:32  Drone x2  
  16  0:37  Drone  
  17  0:56  Drone, Hatchery  
  17  1:03  Drone  
  18  1:09  Extractor  
  17  1:11  Drone  
  18  1:19  Spawning Pool  
  18  1:22  Drone  
  18  1:32  Overlord  
  18  1:42  Drone  
  19  1:51  Drone  
  20  2:09  Evolution Chamber, Metabolic Boost  
  20  2:12  Zergling x2  
  20  2:13  Queen  
  22  2:15  Drone  
  22  2:20  Queen  
  25  2:24  Drone  
  25  2:28  Zergling x2  
  27  2:30  Zergling x2  
  28  2:39  Extractor  
  28  2:40  Drone  
  28  2:41  Drone  
  28  2:42  Drone  
  30  2:51  Drone  
  30  2:55  Drone  
  30  2:56  Drone  
  33  3:05  Spore Crawler  
  33  3:09  Drone  
  33  3:12  Spore Crawler  
  32  3:21  Drone x2  
  32  3:22  Overlord  
  34  3:32  Zergling x4  
  36  3:37  Overlord  
  36  3:40  Drone  
  37  3:55  Zergling x4  
  39  4:00  Zergling x2  
  40  4:06  Drone x3  
  43  4:19  Zergling x4  
  43  4:20  Drone  
  45  4:28  Drone  
  46  4:34  Zerg Melee Weapons Level 1  
  46  4:37  Baneling Nest  
  45  4:45  Zergling x4  
  47  4:51  Drone, Roach Warren  
  47  4:53  Drone x2, Hatchery  
  48  5:10  Zergling x2  
  48  5:11  Zergling x6  
  48  5:12  Overlord  
  48  5:13  Overlord  
  52  5:31  Zergling x8  
  52  5:33  Roach x5  
  52  5:34  Roach  
  68  5:46  Overlord x2  
  67  6:03  Overlord x2  
  67  6:04  Zergling x2  
  67  6:10  Baneling x5  
  68  6:14  Ravager x4  
  68  6:16  Zergling x4, Roach  
  68  6:18  Drone x2  
  78  6:25  Lair  
  78  6:26  Zergling x2  
  78  6:31  Zerg Ground Armor Level 1  
  79  6:37  Drone x2, Queen  
  79  6:39  Overlord  
  83  6:54  Spore Crawler  
  81  7:19  Drone x2  
  81  7:20  Spore Crawler, Zergling x2  
  83  7:23  Pneumatized Carapace  
  83  7:31  Roach  
  83  7:32  Hydralisk Den, Roach x3  
  90  7:48  Hatchery  
  89  7:56  Roach  
  89  7:57  Zergling x4, Roach x2  
  89  7:58  Roach x2  
  101  7:59  Overlord x2  
  101  8:00  Zergling x2  
  102  8:10  Overseer, Infestation Pit  
  102  8:12  Hydralisk, Overlord x2  
  101  8:14  Hydralisk x4  
  111  8:32  Zergling x2  
  111  8:33  Zergling x4, Roach x2  
  118  8:39  Drone x3  
  118  8:40  Drone x2  
  123  8:55  Extractor  
  122  8:56  Extractor  
  122  9:01  Drone x3  
  124  9:04  Hydralisk x4  
  124  9:05  Overlord  
  123  9:33  Hydralisk x2, Zergling x6  
  123  9:35  Hydralisk x2, Zergling x4  
  123  9:36  Zergling x8  
  123  9:37  Zergling x2  
  141  9:55  Grooved Spines  
  141  10:03  Centrifical Hooks  
  114  10:14  Hydralisk x2, Zergling x2  
  114  10:15  Zergling x6  
  99  10:22  Zergling x8  
  99  10:23  Zergling x10  
  78  10:38  Hydralisk  
  78  10:39  Hydralisk, Zergling x8  
  81  10:42  Zergling x2  
  81  10:43  Zergling x2  
  80  10:50  Zergling x4  
  82  10:57  Zergling x4  
  82  10:58  Zergling x4  
  85  11:06  Hydralisk x2  
  89  11:13  Zergling x4  
  89  11:18  Hive  
  91  11:22  Queen  
  93  11:25  Spore Crawler, Drone  
  93  11:26  Drone  
  93  11:29  Hydralisk  
  93  11:30  Hydralisk, Zergling x4  
  100  11:33  Drone x2  
  102  11:41  Hydralisk, Zergling x2  
  101  12:03  Hydralisk x2  
  101  12:04  Hydralisk, Zergling x8  
  109  12:19  Zerg Melee Weapons Level 2  
  109  12:22  Overlord  
  109  12:29  Drone x2  
  112  12:30  Drone x4  
  112  12:31  Hydralisk  
  112  12:32  Hydralisk x2, Zergling x6  
  116  13:02  Hydralisk x3, Zergling x2  
  116  13:03  Zergling x6  
  126  13:21  Zergling x2  
  126  13:22  Zergling x4  
  126  13:24  Zergling x2, Hatchery  
  126  13:25  Zergling x14  
  126  13:26  Overlord x2  
  136  13:35  Drone  
  136  13:39  Drone x2  
  136  13:41  Hydralisk x3, Zergling x4  
  139  13:42  Zergling x4  
  139  13:43  Zergling x2  
  139  13:47  Drone x2  
  139  13:48  Drone  
  153  13:55  Drone  
  153  13:56  Drone x3  
  139  14:04  Drone x2  
  123  14:10  Zergling x4  
  123  14:12  Hydralisk, Zergling x2  
  113  14:22  Zergling x4  
  113  14:23  Zergling x4  
  117  14:36  Zerg Missile Weapons Level 1  
  117  14:44  Hydralisk x3  
  117  14:45  Zergling x6  
  126  14:46  Hydralisk x3  
  126  14:47  Zergling x4  
  126  14:50  Glial Reconstitution  
  134  14:57  Spire  
  133  15:01  Ultralisk Cavern  
  104  15:15  Zergling x6  
  104  15:16  Zergling x8  
  96  15:27  Zergling x10  
  96  15:28  Zergling x4  
  96  15:43  Extractor  
  96  15:45  Extractor, Drone x4  
  96  15:47  Hydralisk x2  
  96  15:48  Hydralisk x2, Zergling x6  
  109  15:52  Chitinous Plating  
  109  16:01  Overseer, Overlord  
  109  16:02  Overlord x2  
  109  16:11  Greater Spire  
  109  16:12  Mutalisk  
  109  16:13  Mutalisk x5  
  109  16:14  Mutalisk  
  123  16:22  Extractor  
  123  16:23  Drone x2  
  123  16:24  Extractor  
  123  16:25  Drone x4  
  126  16:26  Drone  
  128  16:35  Mutalisk x3, Spine Crawler  
  133  17:04  Queen  
  135  17:16  Drone x3  
  135  17:18  Mutalisk  
  135  17:19  Mutalisk x2, Hydralisk x2  
  135  17:21  Zergling x8  
  152  17:37  Zerg Flyer Weapons Level 1  
  152  17:39  Queen, Corruptor  
  156  17:49  Drone x3  
  159  17:57  Corruptor x2  
  163  18:06  Drone  
  163  18:07  Drone x2  
  163  18:08  Drone x4  
  163  18:09  Drone x5  
  163  18:10  Drone x2  
  177  18:22  Brood Lord  
  179  18:28  Extractor x2  
  177  18:55  Mutalisk x2  
  177  18:56  Ultralisk  
  177  18:58  Mutalisk x2  
  177  18:59  Ultralisk  
  177  19:00  Extractor, Zergling x4, Hatchery  
  177  19:01  Zergling x2  
  198  19:03  Extractor  
  198  19:04  Overlord x2  
  197  19:33  Hatchery  
  197  19:34  Brood Lord  
  198  19:48  Zergling x6  
  198  19:49  Mutalisk  
  198  19:50  Hydralisk  
  192  19:58  Mutalisk  
  198  20:01  Brood Lord  
Show
View Real Time Build Order
Export as new Build Order

Infamous Protoss 

Build Orders:  

Get SALT Encoding   

  12  0:01  Probe  
  13  0:13  Probe  
  14  0:23  Pylon  
  14  0:26  Probe (Chrono Boost)  
  15  0:41  Probe (Chrono Boost)  
  16  0:53  Gateway  
  16  0:55  Probe  
  17  0:58  Assimilator  
  17  1:08  Probe (Chrono Boost)  
  18  1:20  Probe (Chrono Boost)  
  19  1:27  Probe (Chrono Boost)  
  20  1:35  Probe  
  21  1:43  Cybernetics Core  
  21  1:46  Zealot  
  23  2:17  Pylon  
  23  2:26  Warp Gate (Chrono Boost)  
  23  2:30  Pylon  
  23  2:35  Probe  
  24  2:40  Assimilator  
  24  2:58  Probe  
  24  2:59  Nexus  
  24  3:02  Pylon  
  25  3:11  Probe  
  26  3:29  Gateway  
  26  3:30  Gateway  
  26  3:31  Probe  
  26  3:32  Gateway  
  27  3:37  Robotics Facility  
  27  3:41  Pylon  
  27  3:51  Probe  
  28  4:03  Probe  
  28  4:08  Gateway  
  28  4:09  Gateway  
  29  4:13  Probe  
  29  4:15  Probe  
  30  4:28  Stalker  
  30  4:29  Stalker  
  30  4:30  Zealot  
  36  4:32  Probe x2  
  36  4:37  Observer  
  39  4:44  Probe  
  40  4:48  Forge  
  40  4:53  Pylon  
  40  4:55  Probe  
  41  5:03  Immortal  
  41  5:06  Zealot  
  47  5:07  Zealot  
  47  5:08  Sentry x2  
  53  5:18  Probe  
  54  5:22  Assimilator  
  54  5:24  Probe  
  54  5:27  Assimilator  
  55  5:30  Probe  
  55  5:33  Stalker  
  55  5:34  Stalker x2  
  62  5:37  Sentry  
  64  5:53  Pylon  
  63  6:01  Probe x2  
  65  6:04  Protoss Ground Weapons Level 1 (Chrono Boost)  
  65  6:18  Photon Cannon  
  65  6:22  Shield Battery  
  65  6:27  Stalker x4  
  73  6:39  Probe x2  
  75  6:46  Pylon  
  75  6:49  Pylon  
  75  6:56  Shield Battery  
  75  7:08  Pylon  
  75  7:09  Immortal (Chrono Boost)  
  79  7:17  Probe  
  80  7:34  Pylon  
  80  7:38  Pylon  
  80  7:42  Probe  
  80  7:43  Probe  
  82  7:44  Robotics Bay  
  82  7:46  Stalker  
  82  7:47  Stalker x4  
  92  7:53  Sentry  
  92  7:58  Probe  
  95  8:05  Probe  
  95  8:10  Probe  
  97  8:24  Twilight Council  
  97  8:33  Shield Battery  
  97  8:36  Sentry x4  
  97  8:37  Sentry x2  
  109  8:48  Colossus (Chrono Boost), Extended Thermal Lance  
  109  8:54  Protoss Ground Armor Level 1  
  115  9:08  Sentry  
  115  9:09  Sentry  
  119  9:10  Sentry  
  119  10:01  Pylon  
  119  10:06  Probe  
  117  10:07  Probe  
  57  10:50  Stalker x2  
  57  10:51  Stalker x4  
  65  10:59  Colossus  
  65  11:00  Probe x2  
  71  11:21  Templar Archives  
  71  11:23  Protoss Ground Armor Level 2 (Chrono Boost)  
  71  11:24  Gateway  
  71  11:25  Gateway  
  71  11:37  Robotics Facility  
  71  11:47  Zealot x5  
  73  11:48  Zealot  
  73  11:53  Colossus, Charge (Chrono Boost)  
  87  12:02  Psionic Storm  
  87  12:08  High Templar  
  87  12:09  High Templar x2  
  87  12:12  Zealot  
  87  12:13  Zealot x2  
  99  12:22  Probe  
  100  12:23  Probe  
  101  12:41  Pylon x2  
  101  12:43  Sentry  
  99  13:04  Sentry x3  
  99  13:05  Stalker x3  
  107  13:06  Stalker x2  
  115  13:20  Colossus (Chrono Boost)  
  121  13:28  Zealot x3  
  127  13:43  Zealot  
  127  13:44  Zealot x3  
  113  14:10  Archon  
  109  14:17  Zealot x4  
  109  14:18  Zealot  
  119  14:30  High Templar x3  
  75  15:30  Stalker x2  
  75  15:31  Stalker x5  
  89  16:08  Nexus  
  89  16:18  Pylon  
  89  16:27  Assimilator  
  89  16:40  High Templar  
  89  16:41  High Templar  
  89  16:42  High Templar x5  
  103  17:09  Zealot  
  103  17:13  Zealot  
  103  17:14  Zealot x3  
  113  17:40  Assimilator  
  113  17:46  Sentry x4  
  113  17:47  Sentry  
  123  17:59  Zealot x3  
  129  18:18  Colossus  
  135  18:42  Stalker x3  
  135  18:43  Stalker x3  
  135  18:44  Nexus  
  135  18:45  Pylon x2  
  147  18:49  Zealot  
Tags
 
Add a new tag
Caveats
  • Supply blocks, unpowered buildings, or Contaminate may cause inaccurate times.
  • Supply counts are checked every 10 seconds.